 Dungeon Crawl Stone Soup version 0.19.5 (webtiles) character file.

195733 Gargoyl the Tortoise (level 18, -26/158 HPs)
             Began as a Ghoul Abyssal Knight on Apr 21, 2017.
             Was a High Priest of Lugonu.
             Killed from afar by Jory (44 damage)
             ... with a crystal spear
             ... on level 2 of the Vaults on Apr 22, 2017.
             The game lasted 01:32:11 (29745 turns).

Gargoyl the Tortoise (Ghoul Abyssal Knight)        Turns: 29745, Time: 01:32:12

Health: -26/158    AC: 34    Str: 20    XL:     18   Next: 35%
Magic:  18/28      EV: 10    Int:  4    God:    Lugonu [*****.]
Gold:   438        SH:  0    Dex: 25    Spells: 0 memorised, 17 levels left

rFire  + . .     SeeInvis +     x - +9 hand axe of Wouball {flame, rPois rN++}
rCold  + + +     Gourm    .     b - +8 plate armour of Hehash {+Inv rC+ MR+ Dex+6}
rNeg   + + +     Faith    .     V - +3 buckler {reflect}
rPois  ∞         Spirit   .     d - +2 hat of Winter {*Slow MR+++ SInv Stlth-}
rElec  +         Reflect  +     Q - +0 cloak of Divine Intervention {rC+ Int-3 Dex+7}
rCorr  +         Harm     .     e - +2 pair of gloves
MR     +++++                    u - +0 pair of boots
Stlth  ..........               K - amulet of regeneration
                                (no ring)
                                S - ring of resist corrosion

@: confused, resistant, rotting
A: rotting body, claws 1, carnivore 3, cold resistance 1, negative energy
resistance 3, slow regeneration 1, torment resistance, unbreathing
a: Depart the Abyss, Bend Space, Banish, Corrupt, Enter the Abyss, Renounce
Religion, Evoke Invisibility
}: 1/15 runes: gossamer


You were on level 2 of the Vaults.
You worshipped Lugonu.
Lugonu was extremely pleased with you.
You were not hungry.

You visited 5 branches of the dungeon, and saw 27 of its levels.
You visited the Abyss 1 time.
You also visited: Sewer and Ice Cave.

You collected 5305 gold pieces.
You spent 4867 gold pieces at shops.

Inventory:

Hand Weapons
 x - the +9 hand axe of Wouball (weapon) {flame, rPois rN++}
   (You bought it in a shop on level 4 of the Dungeon)

   It has been specially enchanted to burn those struck by it, causing extra
   injury to most foes and up to half again as much damage against particularly
   susceptible opponents.
   Big, fiery blades are also staple armaments of hydra-hunters.
   It protects you from poison.
   It greatly protects you from negative energy.
 C - a +0 war axe of venom
 O - a +0 broad axe
 Z - a +2 trident of venom
Missiles
 k - 11 javelins (quivered)
Armour
 b - the +8 plate armour of Hehash (worn) {+Inv rC+ MR+ Dex+6}
   (You bought it in a shop on level 2 of the Orcish Mines)

   It affects your dexterity (+6).
   It protects you from cold.
   It affects your resistance to hostile enchantments.
   It lets you turn invisible.
 d - the +2 hat of Winter (worn) {*Slow MR+++ SInv Stlth-}
   (You bought it in a shop on level 2 of the Orcish Mines)

   It affects your resistance to hostile enchantments.
   It lets you see invisible.
   It may slow you when you take damage.
   It makes you less stealthy.
 e - a +2 pair of gloves (worn)
 u - a +0 pair of boots (worn)
 Q - the +0 cloak of Divine Intervention (worn) {rC+ Int-3 Dex+7}
   (You bought it in a shop on level 1 of the Vaults)

   It affects your intelligence (-3).
   It affects your dexterity (+7).
   It protects you from cold.
 V - a +3 buckler of reflection (worn)
Rods
 E - a +0 rod of inaccuracy (10/10)
   (You found it on level 2 of the Spider Nest)
Jewellery
 K - an amulet of regeneration (around neck)
 N - a cursed amulet of inaccuracy {unknown}
 S - a ring of resist corrosion (left hand)
Wands
 a - a wand of hasting (6/9)
 l - a wand of iceblast (6/15)
 r - a wand of polymorph (6/24)
 s - a wand of lightning (15/15)
 y - a wand of iceblast (2/15)
 D - a wand of flame (40/48)
Scrolls
 h - 4 scrolls of magic mapping
 j - 5 scrolls of identify
 q - 2 scrolls of fear
 F - 3 scrolls of remove curse
 H - 4 scrolls of blinking
 I - 8 scrolls of teleportation
 J - a scroll of fog
 L - 3 scrolls of recharging
 M - a scroll of amnesia
Potions
 f - 4 potions of brilliance
 n - 7 potions of flight
 o - a potion of cure mutation {unknown}
 p - a potion of cancellation
 t - 3 potions of ambrosia
 v - 5 potions of might
 w - 3 potions of resistance
 z - a potion of agility
 A - 2 potions of magic
 B - a potion of haste
 P - a potion of mutation {unknown}
Books
 g - a book of Air

   Spells                             Type                      Level
   a - Shock                          Conjuration/Air              1
   b - Swiftness                      Charms/Air                   2
   c - Repel Missiles                 Charms/Air                   2
   d - Static Discharge               Conjuration/Air              3
   e - Lightning Bolt                 Conjuration/Air              5
Comestibles
 c - 9 meat rations
 m - a chunk of flesh
 G - 3 beef jerkies


   Skills:
 + Level 13.6 Fighting
 + Level 14.8 Axes
 + Level 0.5 Throwing
 * Level 16.1 Armour
 + Level 3.5 Dodging
 + Level 10.4 Shields
 * Level 15.0 Invocations


You had 17 spell levels left.
You didn't know any spells.

Dungeon Overview and Level Annotations

Branches:
Dungeon (13/15)            Temple (0/1) D:7            Lair (6/6) D:10
 Shoals (0/4) Lair:2       Spider (4/4) Lair:2        Slime (0/5) Lair:6
    Orc (2/2) D:10            Elf (0/3) Orc:2        Vaults (2/5) D:13
  Crypt: Vaults:2-3

Altars:
Elyvilon
Fedhas
Gozag
Hepliaklqana
Makhleb
Nemelex Xobeh
Okawaru
Trog
Uskayaw
Vehumet
Xom
Zin
Jiyva

Shops:
D:4 (   D:5 [   D:11 [   Orc:1 }   Orc:2 :(*[   Vaults:1 [*[[

Annotations:
Vaults:2 Jory


Innate Abilities, Weirdness & Mutations

Your body is rotting away.
You thrive on raw meat.
You are immune to poison.
You have sharp fingernails.
You are carnivorous and can eat meat at any time.
Your flesh is cold resistant. (rC+)
You are immune to negative energy. (rN+++)
You regenerate slowly when monsters are visible.
You are immune to unholy pain and torment.
You can survive without breathing.


Message History

Jory hits you but does no damage. Jory bites you but does no damage.
Press: ? - help, Shift-Dir - straight line, f/p - Jory
Aim: Jory, wielding a great sword and wearing a plate armour (lightly damaged, chance to defeat MR: 1%) Jory resists with almost no effort.
You feel somewhat more hungry. Jory hits you with a great sword!
* * * LOW HITPOINT WARNING * * *
Jory bites you but does no damage.
Press: ? - help, Shift-Dir - straight line, f/p - Jory
Aim: Jory, wielding a great sword and wearing a plate armour (lightly damaged, chance to defeat MR: 1%) Jory resists with almost no effort.
You feel somewhat more hungry. Jory completely misses you.
Jory closely misses you.
You are confused.
You feel invigorated. Jory closely misses you.
Jory bites you but does no damage.
You hit Jory. You burn Jory.
Jory is lightly damaged.
You bump into the stone wall.
Jory casts a spell at you. The crystal spear hits you!
You die...

######+######
#....V@.....#
#.....<.....#
#....(......#
#.....(.....#
#...(.......#
#......(....#
#####'[#######
#........#####
#.#.#........#


You could see Jory.

Vanquished Creatures
  Arachne (Spider:2)
  A sphinx (Vaults:1)
  The ghost of AAAAA the Unseen, an adept NaEn of Gozag (Spider:4)
  4 ghost moths
  3 vault wardens (Vaults:1)
  An orc warlord (Orc:1)
  3 emperor scorpions
  A frost giant (IceCv)
  4 ironheart preservers (Vaults:1)
  Aizul (Vaults:1)
  An entropy weaver (Spider:3)
  A very ugly thing (Vaults:1)
  A deep elf annihilator (Vaults:1)
  A spark wasp (Spider:4)
  The ghost of tschems the Cleaver, a journeyman HuFi of Qazlal (Orc:2)
  A deep elf death mage (Vaults:1)
  A fire dragon (Vaults:1)
  A yaktaur captain (Vaults:1)
  A great orb of eyes (Vaults:1)
  2 vault guards (Vaults:1)
  6 hydras
  A death knight (D:13)
  6 centaur warriors
  An ogre mage (D:13)
  4 orc high priests
  Urug (D:11)
  Nergalle (Lair:3)
  2 unseen horrors
  A hell knight (Vaults:1)
  3 deep elf archers
  3 ironbrand convokers (Vaults:1)
  7 hill giants
  13 orb spiders
  2 necromancers (Vaults:2)
  5 orc knights
  12 ugly things
  3 deep elf magi
  33 wolf spiders
  3 orc sorcerers
  4 cyclopes
  3 manticores
  2 slime creatures (D:12)
  Joseph (D:10)
  2 frost giant skeletons (Vaults:2)
  5 moths of wrath
  2 ice statues (IceCv)
  2 vault sentinels (Vaults:1)
  A gargoyle (D:11)
  3 black mambas (Lair:4)
  A torpor snail (Lair:2)
  6 spiny frogs
  13 demonic crawlers
  A yaktaur zombie (Vaults:2)
  A rime drake (Lair:4)
  9 komodo dragons
  7 yaktaurs
  A yaktaur skeleton (Vaults:2)
  7 trolls
  44 jumping spiders
  15 polar bears
  Prince Ribbit (D:6)
  11 hornets
  19 blink frogs
  11 hippogriffs
  10 dream sheep
  An ettin zombie (Vaults:2)
  Sigmund (D:3)
  92 redbacks
  11 spriggans
  46 tarantellas
  A shadow (D:8)
  A wraith (Vaults:1)
  A basilisk (shapeshifter) (D:8)
  59 yaks
  3 wyverns
  4 basilisks
  A human simulacrum (Vaults:2)
  A steam dragon (Lair:2)
  Menkaure (D:6)
  A hungry ghost (D:11)
  A mottled dragon (Vaults:1)
  Edmund (D:6)
  A soldier ant (D:13)
  2 wargs
  7 water moccasins
  48 orc warriors
  6 porcupines
  The ghost of Venard the Skirmisher, an amateur DgWn (D:3)
  6 black bears
  An eye of draining (D:11)
  11 ice beasts
  9 necrophages
  A sky beast (D:8)
  19 ogres
  2 phantoms
  4 boggarts
  35 wolves
  2 human zombies (Vaults:2)
  11 centaurs
  8 crocodiles
  A big kobold (Sewer)
  20 bullfrogs
  Blork the orc (D:5)
  2 wyvern zombies
  A gnoll sergeant (D:6)
  4 scorpions
  10 killer bees
  A wight (D:6)
  5 howler monkeys
  7 electric eels
  9 crimson imps
  2 bullfrog zombies
  5 jellies
  A quasit (D:11)
  3 centaur zombies
  24 orc priests
  7 hounds
  2 bullfrog skeletons
  3 centaur skeletons
  39 orc wizards
  An iguana (D:10)
  A statue (D:5)
  10 worker ants
  A howler monkey zombie (D:11)
  A worker ant zombie (D:11)
  7 gnolls
  14 adders
  4 river rats
  3 shadow imps
  2 oozes
  An adder skeleton (D:4)
  7 worms
  6 dart slugs
  5 leopard geckos
  125 orcs
  14 bats
  7 giant cockroaches
  7 goblins
  11 hobgoblins
  3 jackals
  13 kobolds
  4 quokkas
  3 ball pythons
  9 frilled lizards
  A leopard gecko skeleton (D:5)
  14 rats
  2 butterflies (D:6)
  15 fungi
  2 plants
1160 creatures vanquished.

Vanquished Creatures (others)
  Jorgrun (Vaults:1)
  An entropy weaver (Spider:3)
  A spark wasp (Spider:4)
  A centaur warrior (Vaults:2)
  A deep elf knight (Vaults:1)
  An unseen horror (D:12)
  A deep elf archer (Vaults:1)
  9 orb spiders
  An ugly thing (D:8)
  A rime drake (Lair:2)
  2 jumping spiders
  A crimson imp (D:11)
  An orc (Orc:2)
  A bush (Lair:6)
  15 fungi
  5 plants
43 creatures vanquished.

Grand Total: 1203 creatures vanquished

Notes
Turn   | Place    | Note
-------+----------+-------------------------------------------
     0 | Abyss:1  | Gargoyl the Ghoul Abyssal Knight began the quest for the Orb.
     0 | Abyss:1  | Reached XP level 1. HP: 19/19 MP: 1/1
    97 | Abyss:3  | Noticed an air elemental
    98 | D:1      | Escaped the Abyss
   211 | D:1      | Reached skill level 2 in Armour
   313 | D:1      | Reached XP level 2. HP: 26/26 MP: 2/2
   323 | D:1      | Reached * piety under Lugonu
   455 | D:1      | Reached skill level 1 in Dodging
   458 | D:1      | Reached XP level 3. HP: 31/31 MP: 3/3
  1582 | D:2      | Reached XP level 4. HP: 35/40 MP: 4/4
  1635 | D:2      | Reached ** piety under Lugonu
  1798 | D:2      | Found an iron altar of Okawaru.
  1986 | D:2      | Found a hide-covered altar of Uskayaw.
  2277 | D:2      | Reached XP level 5. HP: 43/46 MP: 6/6
  2542 | D:3      | Noticed Venard's ghost (amateur DgWn)
  2593 | D:3      | Killed Venard's ghost
  2593 | D:3      | Reached skill level 3 in Armour
  2593 | D:3      | Reached XP level 6. HP: 27/51 MP: 7/7
  2604 | D:3      | Found a hazy altar of Hepliaklqana.
  2661 | D:3      | Found a glowing drain.
  2696 | Sewer    | Entered a sewer
  2732 | Sewer    | Reached *** piety under Lugonu
  2856 | Sewer    | Found a white marble altar of Elyvilon.
  3017 | D:3      | Reached skill level 4 in Armour
  3136 | D:2      | HP: 1/53 [orc priest/divine providence (16)]
  3414 | D:3      | Reached XP level 7. HP: 42/59 MP: 8/8
  3651 | D:3      | Noticed Sigmund
  3668 | D:3      | Killed Sigmund
  3855 | D:4      | Found Astroaneu's Antique Weapon Boutique.
  4374 | D:4      | Bought a smoking hand axe for 200 gold pieces
  4374 | D:4      | Identified the +9 hand axe of Wouball {flame, rPois rN++} (You bought it in a shop on level 4 of the Dungeon)
  4392 | D:5      | Entered Level 5 of the Dungeon
  4433 | D:5      | Reached skill level 5 in Armour
  4536 | D:5      | Reached XP level 8. HP: 62/63 MP: 10/10
  4565 | D:5      | Noticed Blork the orc
  4573 | D:5      | Killed Blork the orc
  4573 | D:5      | Reached **** piety under Lugonu
  4573 | D:5      | Reached skill level 5 in Axes
  4669 | D:5      | Found an iron altar of Okawaru.
  4790 | D:5      | Found Hyujeug's Antique Armour Boutique.
  4933 | D:5      | Found a radiant altar of Vehumet.
  4944 | D:5      | Reached skill level 5 in Fighting
  5088 | D:5      | Found a sparkling altar of Nemelex Xobeh.
  5138 | D:6      | Found a shimmering altar of Xom.
  5176 | D:6      | Reached skill level 6 in Armour
  5272 | D:6      | Reached skill level 5 in Invocations
  5322 | D:6      | Reached XP level 9. HP: 60/74 MP: 10/12
  5586 | D:6      | Noticed Menkaure
  5588 | D:6      | Noticed Prince Ribbit
  5591 | D:6      | Killed Menkaure
  5728 | D:6      | Noticed Edmund
  5740 | D:6      | Killed Edmund
  5813 | D:6      | Killed Prince Ribbit
  6022 | D:7      | Reached skill level 7 in Armour
  6067 | D:7      | Reached ***** piety under Lugonu
  6202 | D:7      | Found a burning altar of Makhleb.
  6207 | D:7      | Found a glowing silver altar of Zin.
  6207 | D:7      | Noticed a blizzard demon
  6207 | D:7      | Noticed an angel
  6609 | D:7      | Found a staircase to the Ecumenical Temple.
  6623 | D:7      | Reached XP level 10. HP: 72/84 MP: 13/13
  6815 | D:8      | Killed an unseen horror
  6815 | D:8      | Reached skill level 8 in Armour
  6847 | D:9      | Found a shimmering altar of Xom.
  6847 | D:9      | Found a shimmering altar of Xom.
  7031 | D:8      | Noticed a brown ugly thing
  7051 | D:8      | HP: 1/82 [acid (11)]
  7052 | D:8      | Banished a brown ugly thing
  7284 | D:8      | Found a white marble altar of Elyvilon.
  7299 | D:8      | Got a steaming falchion
  7300 | D:8      | Identified the +6 falchion of Gozag's Righteous Fury {slice, rElec rPois rN+} (You found it on level 8 of the Dungeon)
  7344 | D:8      | Found an opulent altar of Gozag.
  7555 | D:9      | Found a bloodstained altar of Trog.
  7736 | D:9      | Reached skill level 9 in Armour
  7981 | D:5      | Bought a runed buckler for 325 gold pieces
  8097 | D:9      | Noticed a spiny frog
  8097 | D:9      | Found a shimmering altar of Xom.
  8099 | D:9      | Found a shimmering altar of Xom.
  8099 | D:9      | Found a shimmering altar of Xom.
  8099 | D:9      | Found a shimmering altar of Xom.
  8118 | D:9      | Noticed an orb spider
  8118 | D:9      | a shapeshifter changed into an orb spider
  8125 | D:9      | Noticed a spiny frog
  8125 | D:9      | an orb spider changed into a spiny frog
  8136 | D:9      | a spiny frog changed into a komodo dragon
  8166 | D:9      | Found a blossoming altar of Fedhas.
  8272 | D:9      | Noticed a fire crab
  8272 | D:9      | a spriggan changed into a fire crab
  8278 | D:9      | Noticed a lindwurm
  8278 | D:9      | a fire crab changed into a lindwurm
  8303 | D:10     | Entered Level 10 of the Dungeon
  8303 | D:10     | Noticed Joseph
  8317 | D:10     | Killed Joseph
  8623 | D:10     | Noticed a hill giant
  8630 | D:10     | Killed a hill giant
  8630 | D:10     | Reached XP level 11. HP: 52/92 MP: 15/15
  8832 | D:10     | Reached skill level 1 in Shields
  8845 | D:10     | Found a staircase to the Orcish Mines.
  9117 | D:10     | Noticed a hill giant
  9131 | D:10     | Killed a hill giant
  9349 | D:10     | Found a staircase to the Lair.
  9472 | Lair:1   | Entered Level 1 of the Lair of Beasts
  9479 | Lair:1   | Reached ****** piety under Lugonu
  9487 | Lair:1   | Reached skill level 10 in Axes
  9506 | Lair:1   | Reached skill level 10 in Armour
  9900 | Lair:1   | Noticed a four-headed hydra
  9908 | Lair:1   | Killed a one-headed hydra
  9961 | Lair:1   | Reached XP level 12. HP: 87/103 MP: 17/17
 10365 | Lair:2   | Found a hole to the Spider Nest.
 10655 | Lair:2   | Found a staircase to the Shoals.
 10774 | Lair:2   | Noticed a seven-headed hydra
 10783 | Lair:2   | Killed a one-headed hydra
 10830 | Lair:2   | Reached skill level 11 in Armour
 11725 | Lair:3   | Noticed Nergalle
 11737 | Lair:3   | Killed Nergalle
 12399 | Lair:4   | Noticed a four-headed hydra
 12405 | Lair:4   | Killed a one-headed hydra
 12603 | Lair:4   | Reached XP level 13. HP: 109/111 MP: 19/19
 12612 | Lair:4   | Reached skill level 10 in Invocations
 13017 | Lair:5   | Reached skill level 12 in Armour
 13916 | Lair:6   | Entered Level 6 of the Lair of Beasts
 14205 | Lair:6   | Found a viscous altar of Jiyva.
 14206 | Lair:6   | Found a staircase to the Slime Pits.
 14483 | Lair:6   | Reached skill level 10 in Fighting
 14557 | Lair:6   | Reached XP level 14. HP: 88/121 MP: 21/21
 15329 | D:11     | Noticed Urug
 15348 | D:11     | Killed Urug
 15933 | D:11     | Reached skill level 5 in Shields
 16185 | D:11     | Found Yheryomm's Armour Shop.
 16477 | D:12     | Reached skill level 13 in Armour
 16528 | D:12     | You fall through a shaft!
 16813 | D:12     | Found a frozen archway.
 16837 | IceCv    | Entered an ice cave
 17240 | IceCv    | Noticed a frost giant
 17276 | IceCv    | Killed a frost giant
 18253 | Orc:1    | Entered Level 1 of the Orcish Mines
 18443 | Orc:2    | Entered Level 2 of the Orcish Mines
 18530 | Orc:2    | Noticed an orc warlord
 18562 | Orc:1    | Reached XP level 15. HP: 105/128 MP: 22/22
 18601 | Orc:1    | Killed an orc warlord
 18962 | Orc:2    | Noticed tschems's ghost (journeyman HuFi)
 19034 | Orc:2    | Killed tschems's ghost
 19340 | Orc:1    | Found Ysoll's Gadget Emporium.
 19429 | Orc:1    | Bought a wand of hasting (6/9) for 720 gold pieces
 19735 | Orc:2    | Found a staircase to the Elven Halls.
 19911 | Orc:2    | Found Acefiliu's General Store.
 19912 | Orc:2    | Found Qaijeiwk's Book Emporium.
 19913 | Orc:2    | Found Rupueg's Antique Armour Shoppe.
 19913 | Orc:2    | Found Othal's Antique Weapon Shoppe.
 19917 | Orc:2    | Bought an ancient plate armour for 728 gold pieces
 19927 | Orc:2    | Identified the +8 plate armour of Hehash {+Inv rC+ MR+ Dex+6} (You bought it in a shop on level 2 of the Orcish Mines)
 19930 | Orc:2    | Bought a polished hand axe for 304 gold pieces
 19944 | Orc:2    | Bought a scroll of teleportation for 45 gold pieces
 19944 | Orc:2    | Bought a scroll of teleportation for 45 gold pieces
 20000 | Orc:2    | Bought a spiked hat for 234 gold pieces
 20010 | Orc:2    | Identified the +2 hat of Winter {*Slow MR+++ SInv Stlth-} (You bought it in a shop on level 2 of the Orcish Mines)
 20537 | D:13     | Found a gate to the Vaults.
 21255 | Spider:1 | Entered Level 1 of the Spider Nest
 21321 | Spider:1 | Noticed a ghost moth
 21343 | Spider:1 | Killed a ghost moth
 21498 | Spider:1 | Reached skill level 14 in Armour
 22339 | Spider:1 | Reached XP level 16. HP: 139/139 MP: 24/24
 23879 | Spider:2 | Noticed Arachne
 23935 | Spider:2 | Killed Arachne
 24982 | Spider:3 | Reached skill level 15 in Armour
 25169 | Spider:3 | Identified a scroll of acquirement
 25711 | Spider:3 | Reached XP level 17. HP: 134/148 MP: 26/26
 25802 | Spider:4 | Entered Level 4 of the Spider Nest
 25895 | Spider:4 | Noticed AAAAA's ghost (adept NaEn)
 26016 | Spider:4 | Killed AAAAA's ghost
 27484 | Spider:4 | Got a gossamer rune of Zot
 27739 | Vaults:1 | Entered Level 1 of the Vaults
 27879 | Vaults:1 | Noticed Jorgrun
 27899 | Vaults:1 | Killed Jorgrun
 28068 | Vaults:1 | Reached skill level 10 in Shields
 28293 | Vaults:1 | Noticed a sphinx
 28305 | Vaults:1 | Killed a sphinx
 28513 | Vaults:1 | Reached XP level 18. HP: 139/156 MP: 27/27
 28614 | Vaults:1 | Noticed Aizul
 28639 | Vaults:1 | Killed Aizul
 28707 | Vaults:1 | Found Gozag's Assorted Antiques.
 28709 | Vaults:1 | Found an opulent altar of Gozag.
 28709 | Vaults:1 | Found Gozag's Antique Armour Shoppe.
 28714 | Vaults:1 | Found Gozag's Antique Armour Emporium.
 28755 | Vaults:1 | Reached skill level 16 in Armour
 28954 | Vaults:1 | Bought a dazzling cloak for 950 gold pieces
 28954 | Vaults:1 | Bought a pair of brightly glowing boots for 950 gold pieces
 28964 | Vaults:1 | Identified the +0 cloak of Divine Intervention {rC+ Int-3 Dex+7} (You bought it in a shop on level 1 of the Vaults)
 28975 | Vaults:1 | Identified the +0 pair of boots of the Cuttlefish {rPois rC++ Str-5 Int+4} (You bought it in a shop on level 1 of the Vaults)
 29028 | Vaults:1 | Bought a scroll labeled GAAMAZ LEOQEC for 100 gold pieces
 29242 | Vaults:1 | Found Xostraoh's Antique Armour Shoppe.
 29249 | Vaults:1 | Bought an ichor-stained helmet for 266 gold pieces
 29259 | Vaults:1 | Identified the cursed +0 helmet "Qeboen" {rC+} (You bought it in a shop on level 1 of the Vaults)
 29543 | Vaults:2 | Reached skill level 15 in Invocations
 29593 | Vaults:2 | Noticed Jory
 29745 | Vaults:2 | Killed from afar by Jory

Skill      XL: |  1  2  3  4  5  6  7  8  9 10 11 12 13 14 15 16 17 18 |
---------------+-------------------------------------------------------+-----
Armour         | 2 3 4 5 6 7 9 10 11 12 13 14 15 16 | 16.1
Axes           | 2 3 4 6 7 9 10 11 12 13 14 | 14.8
Dodging        | 1 2 3 |  3.5
Fighting       | 4 5 6 7 8 9 10 11 12 13 | 13.6
Invocations    | 3 4 5 6 7 8 9 10 11 12 13 14 15 | 15.0
Shields        | 1 2 4 5 7 8 10 | 10.4
Throwing       | |  0.5

Action                   |  1- 3 |  4- 6 |  7- 9 | 10-12 | 13-15 | 16-18 || total
-------------------------+-------+-------+-------+-------+-------+-------++-------
Melee: Hand axe          |   122 |   314 |   324 |   617 |  1767 |  1608 ||  4752
       War axe           |       |       |       |       |    20 |       ||    20
Throw: Javelin           |       |       |       |       |       |    13 ||    13
Invok: Depart the Abyss  |     1 |       |       |       |       |       ||     1
       Banish            |       |       |       |     1 |     2 |    32 ||    35
       Bend Space        |       |       |       |       |     1 |       ||     1
  Use: Scroll            |       |    11 |     9 |     8 |    16 |     8 ||    52
       Potion            |       |     1 |       |       |     3 |    25 ||    29
  Eat: Chunk             |    18 |    47 |    30 |   109 |   313 |   211 ||   728
       Meat ration       |       |       |       |       |       |     1 ||     1
Armor: Leather armour    |    43 |     1 |       |       |       |       ||    44
       Plate armour      |       |   236 |   245 |   495 |  1260 |  1452 ||  3688
Dodge: Dodged            |    95 |   114 |    95 |   147 |   526 |   613 ||  1590
Block: Buckler           |       |       |       |    97 |   752 |   838 ||  1687
       Reflection        |       |       |       |       |    22 |    22 ||    44
